 Dungeon Crawl Stone Soup version 0.25-a0-523-g9afb2ee040 (webtiles) character file.

Game seed: 91582018069983306, levelgen mode: classic

20 EnegeticOcto the Covered (level 2, -3/28 HPs)
             Began as a Deep Dwarf Fighter on Feb 18, 2020.
             Killed from afar by an orc wizard (4 damage)
             ... with a magic dart
             ... on level 3 of the Dungeon.
             The game lasted 00:00:10 (86 turns).

EnegeticOcto the Covered (Deep Dwarf Fighter)         Turns: 86, Time: 00:00:11

Health: -3/28      AC:  6    Str: 19    XL:     2   Next: 58%
Magic:  1/1        EV:  6    Int:  8    God:
Gold:   7          SH:  8    Dex: 12    Spells: 1/1 levels left

rFire    . . .     SeeInvis .   a - +0 war axe
rCold    . . .     Gourm    .   c - +0 kite shield
rNeg     . . .     Faith    .   b - +0 scale mail
rPois    .         Spirit   .   (no helmet)
rElec    .         Reflect  .   (no cloak)
rCorr    .         Harm     .   (no gloves)
MR       .....                  (no boots)
Stlth    ..........             (no amulet)
HPRegen  0.00/turn              (no ring)
MPRegen  0.07/turn              (no ring)

@: non-regenerating, heavily drained
A: damage resistance, heal wounds, sense surroundings 1, no regeneration
a: Heal Wounds


You were on level 3 of the Dungeon.
You were not hungry.

You visited 1 branch of the dungeon, and saw 3 of its levels.

You collected 7 gold pieces.

Inventory:

Hand Weapons
 a - a +0 war axe (weapon)
Armour
 b - a +0 scale mail (worn)
 c - a +0 kite shield (worn)
Potions
 d - a potion of haste {unknown}
 k - 2 potions of might {@q3}
Comestibles
 e - 2 rations


   Skills:
 * Level 3.0(0.7) Fighting
 * Level 2.7(0.4) Axes
 + Level 3.4(1.1) Armour
 + Level 0.5(0.0) Dodging
 + Level 3.4(1.1) Shields


You had one spell level left.
You didn't know any spells.
Your spell library was empty.

Dungeon Overview and Level Annotations

Branches:
Dungeon (3/15)

Altars:


Innate Abilities, Weirdness & Mutations

You are resistant to damage.
You can heal yourself by infusing magical energy.
You passively map a small area around you.
You do not regenerate.


Message History

Your shield and scale mail prevent you from hitting the orc priest.
You closely miss the orc. The orc closely misses you.
The orc priest hits you but does no damage.
You block the orc's attack.
The orc wizard hits you but does no damage.
The orc hits you with a +0 club.
The orc priest looks satisfied for a moment.
You closely miss the orc wizard. You closely miss the orc.
You slash the orc priest! You hit the orc but do no damage.
You block the orc wizard's attack.
The orc hits you with a +0 falchion of draining.
You feel drained. You block the orc's attack.
You block the orc priest's attack. The orc wizard barely misses you.
Your shield and scale mail prevent you from hitting the orc priest.
The orc priest is heavily wounded.
Your shield and scale mail prevent you from hitting the orc.
You hit the orc wizard. You barely miss the orc. You block the orc's attack.
The orc priest hits you with a +0 falchion.
The orc hits you but does no damage.
The orc wizard hits you but does no damage.
The orc hits you but does no damage.
You feel drained.
Your shield prevents you from hitting the orc priest.
The orc priest is heavily wounded.
You hit the orc but do no damage. You hit the orc wizard. You hit the orc.
The orc priest hits you but does no damage.
The orc hits you but does no damage. You block the orc wizard's attack.
The orc hits you with a +0 falchion of draining.
You feel drained. The orc hits you but does no damage.
The orc priest calls upon Beogh to heal the orc wizard.
The orc wizard is healed somewhat.
The orc wizard mumbles some strange words.
The orc wizard seems to speed up.
You closely miss the orc wizard.
The orc wizard is heavily wounded.
You hit the orc but do no damage.
You hit the orc priest but do no damage.
You hit the orc.
The orc wizard hits you but does no damage.
The orc barely misses you.
The orc priest hits you with a +0 falchion.
The orc hits you but does no damage. You block the orc wizard's attack.
You hit the orc wizard but do no damage.
The orc wizard is heavily wounded.
Your scale mail prevents you from hitting the orc.
You barely miss the orc priest. You completely miss the orc.
The orc wizard closely misses you. The orc hits you but does no damage.
You feel drained.
The orc priest hits you but does no damage.
You block the orc's attack.
The orc wizard points at you and mumbles some strange words.
You block the puff of frost.
The orc hits you with a +0 falchion of draining.
You feel drained.
The orc priest hits you but does no damage.
You are too injured to fight recklessly!
You are too injured to fight recklessly!
You are too injured to fight recklessly!
You are too injured to fight recklessly!
You are too injured to fight recklessly!
You feel much better.
The orc wizard hits you with a +0 dagger.
The orc closely misses you.
The orc hits you with a +0 falchion of draining.
You feel drained. The orc wizard casts a spell at you.
You block the puff of flame.
You fail to use your ability.
The orc priest hits you with a +0 falchion.
The orc hits you but does no damage.
The orc wizard hits you but does no damage.
The orc hits you with a +0 falchion of draining.
You feel drained.
You hit the orc wizard.
The orc wizard is almost dead.
You slash the orc!
You kill the orc!
Your base Fighting skill increases to level 3!
You hit the orc priest. You hit the orc but do no damage.
The orc wizard hits you but does no damage.
The orc priest barely misses you. The orc wizard completely misses you.
The orc closely misses you.
The orc priest invokes the aid of Beogh against you.
Beogh smites you!
Ouch! That really hurt!
* * * LOW HITPOINT WARNING * * *
You are too injured to fight recklessly!
You are too injured to fight recklessly!
You are too injured to fight recklessly!
You are too injured to fight recklessly!
You are too injured to fight recklessly!
You are too injured to fight recklessly!
You are too injured to fight recklessly!
You are too injured to fight recklessly!
You fail to use your ability.
You block the orc wizard's attack.
The orc hits you with a +0 falchion of draining.
* * * LOW HITPOINT WARNING * * *
You feel drained.
The orc wizard points at you and mumbles some strange words.
The magic dart hits you.
You die...

#.# * #.#
*,#.# ,#<#
, * #.# *
,* #.# , ,#
#.#
#.#.##### ,
,,
#..@o...# ,
* #.)oo..[#
*
,#....?..#
* #.......#
*,
,#.......#
#.........
, *
#.......###
,#........
, , * * *


You could see an orc priest, an orc wizard and an orc.

Vanquished Creatures
  An adder (D:2)
  2 orcs (D:3)
  A hobgoblin (D:1)
  4 jackals (D:2)
8 creatures vanquished.

Notes
Turn   | Place    | Note
-------+----------+-------------------------------------------
     0 | D:1      | EnegeticOcto the Deep Dwarf Fighter began the quest for the
                  | Orb.
     0 | D:1      | Reached XP level 1. HP: 20/20 MP: 1/1
    54 | D:2      | Reached XP level 2. HP: 25/27 MP: 2/2
    86 | D:3      | HP: 1/28 [orc/+0 falchion of draining (2)]
    86 | D:3      | Killed from afar by an orc wizard

Levels and vault maps discovered:
D:1:      eino_arrival_tree_alley, layout_basic, minmay_vboxes
D:2:      lemuel_upstairs_altar, layout_basic, chequers_ecumenical_altar_grove,
          minmay_tetromino_l2
D:3:      layout_basic, roderic_batcave, nicolae_dithmenos_shadow_blocks,
          uniq_ijyb

Skill      XL: |  1  2 |
---------------+-------+-----
Fighting       | 3 |  3.0
Axes           | |  2.7
Armour         | |  3.4
Dodging        | |  0.5
Shields        | |  3.4

Action                   || total
-------------------------++-------
Melee: War axe           ||    27
 Abil: Heal Wounds       ||     2
Armor: Scale mail        ||    20
Dodge: Dodged            ||    17
Block: Kite shield       ||    33

Table legend:
 A = Non-vault XP
 B = Vault XP
 C = Vault XP percentage of total XP
 D = Non-vault monster count
 E = Vault monster count
 F = Vault count percentage of total count
                 A         B        C        D         E       F
            +---------+---------+-------+---------+---------+-------
      Total |      29 |       0 |   0.0 |       8 |       0 |   0.0
            +---------+---------+-------+---------+---------+-------
        D:1 |       2 |       0 |   0.0 |       1 |       0 |   0.0
        D:2 |      21 |       0 |   0.0 |       5 |       0 |   0.0
        D:3 |       6 |       0 |   0.0 |       2 |       0 |   0.0
            +---------+---------+-------+---------+---------+-------
